 Dungeon Crawl Stone Soup version 0.29.0-11-gd7f09526c8 (webtiles) character file.

Game seed: 11600024150911118134

92 keekatzer the Ruffian (level 4, -3/41 HPs)
             Began as a Troll Transmuter on Sept 6, 2022.
             Killed from afar by an orc wizard (7 damage)
             ... with a magic dart
             ... on level 3 of the Dungeon.
             The game lasted 00:07:35 (1539 turns).

keekatzer the Ruffian (Troll Transmuter)            Turns: 1539, Time: 00:07:36

Health: -3/41      AC:  4    Str: 18    XL:     4   Next: 35%
Magic:  5/5        EV: 10    Int:  9    God:
Gold:   122        SH:  0    Dex: 12    Spells: 3/6 levels left

rFire   . . .      SeeInvis .     - Unarmed
rCold   . . .      Faith    .   (no shield)
rNeg    . . .      Spirit   .   a - +0 robe
rPois   .          Reflect  .   (helmet restricted)
rElec   .          Harm     .   (no cloak)
rCorr   .          Rampage  .   (gloves unavailable)
Will    .....                   (boots unavailable)
Stlth   +.........              (no amulet)
HPRegen 0.93/turn               (no ring)
MPRegen 0.09/turn               (no ring)

@: mighty, lethally poisoned (-3 -> -18)
A: large, unfitting armour, claws 3, regeneration 1, shaggy fur 1, tough skin 1
a: no special abilities


You were on level 3 of the Dungeon.
You visited 1 branch of the dungeon, and saw 3 of its levels.

You collected 122 gold pieces.

Inventory:

Armour
 a - a +0 robe (worn)
 j - a +0 tower shield
Jewellery
 c - a ring of fire
Scrolls
 d - 2 scrolls of identify {unknown}
 f - a scroll of brand weapon {unknown}
 g - 3 scrolls of immolation {unknown}
 h - a scroll of blinking {unknown}
Potions
 b - a potion of lignification
 e - a potion of invisibility {unknown}
 i - a potion of might
 k - 2 potions of curing {unknown}
 l - 3 potions of haste {unknown}
 m - a potion of degeneration {unknown}
 n - a potion of brilliance {unknown}


   Skills:
 + Level 1.5 Fighting
 + Level 2.2 Dodging
 + Level 3.5 Unarmed Combat
 + Level 1.6 Spellcasting
 + Level 1.9 Transmutations


You had 3 spell levels left.
You knew the following spells:

 Your Spells              Type           Power      Damage    Failure   Level
a - Beastly Appendage     Tmut           8%         N/A       16%         1
b - Wereblood             Tmut           4%         N/A       24%         2

Your spell library contained the following spells:

 Spells                   Type           Power      Damage    Failure   Level
 Shock                    Conj/Air       0%         1d3       34%         1
 Sublimation of Blood     Necr           0%         N/A       47%         2
 Spider Form              Tmut/Pois      2%         N/A       56%         3
 Dazzling Flash           Conj/Hex       0%         N/A       71%         3
 Ice Form                 Ice/Tmut       2%         N/A       93%         4
 Petrify                  Tmut/Erth      2%         N/A       93%         4
 Agony                    Necr           0%         N/A       100%        5
 Irradiate                Conj/Tmut      1%         3d12      100%        5
 Silence                  Hex/Air        0%         N/A       100%        5


Dungeon Overview and Level Annotations

Branches:
Dungeon (3/15)

Altars:

Shops:
D:2 (


Innate Abilities, Weirdness & Mutations

You are too large for most types of armour.
You have claws for hands.
Your natural rate of healing is unusually fast.
You are covered in fur. (AC +1)
You have tough skin. (AC +1)


Message History

Something hits you.
You are more poisoned.
You feel very sick.
You claw the orc!
You kill the orc!
You feel very sick.
You claw the orc wizard! You claw the orc wizard.
Your headbutt misses the orc wizard.
The orc wizard is severely wounded.
Your horns disappear.
Your talons disappear.
You feel sick.
The orc wizard hits you but does no damage.
You barely miss the orc wizard.
The orc wizard is severely wounded.
You feel very sick.
The orc wizard hits you but does no damage.
You scratch the orc wizard.
You kill the orc wizard!
You feel sick. Something hits you but does no damage.
You are more poisoned.
You have reached level 4!
You closely miss something.
You feel very sick.
You closely miss something.
You feel very sick. Something hits you but does no damage.
You are lethally poisoned!
You barely miss something.
* * * LOW HITPOINT WARNING * * *
You feel very sick. Something hits you.
* * * LOW HITPOINT WARNING * * *
You are more poisoned.
It was a potion of might.
You feel very mighty all of a sudden.
* * * LOW HITPOINT WARNING * * *
You feel very sick.
You hear some strange, mumbled words.
A magic dart appears from out of thin air!
The magic dart hits you!
You die...

#.......#
#.......#
#.......#
#.......#
#.......##
#........##
#.....†.{.## #
#......@#..# #
####.###)..#######
# #)...##...# #
#<#.......# #
#.#..##...#### #
..##.........####
...####...###...##
o.... #..## #.#...
#..... #..# #..##.


There were no monsters in sight!

Vanquished Creatures
  An orc wizard (D:3)
  A worm (D:3)
  3 dart slugs
  3 orcs (D:3)
  6 endoplasms (D:1)
  4 giant cockroaches
  3 goblins
  2 hobgoblins
  3 quokkas
  6 ball pythons
  7 bats
  2 frilled lizards
  5 kobolds
  5 rats
51 creatures vanquished.

Vanquished Creatures (others)
  A fungus (D:2)
  A plant (D:2)
2 creatures vanquished.

Grand Total: 53 creatures vanquished

Notes
Turn   | Place    | Note
-------+----------+-------------------------------------------
     0 | D:1      | keekatzer the Troll Transmuter began the quest for the Orb.
     0 | D:1      | Reached XP level 1. HP: 18/18 MP: 1/1
    83 | D:1      | Reached skill level 1 in Fighting
    83 | D:1      | Reached XP level 2. HP: 27/27 MP: 0/3
   456 | D:1      | Reached XP level 3. HP: 33/33 MP: 4/4
  1113 | D:2      | Found Xucor's Antique Weapon Emporium.
  1318 | D:2      | Found a faded altar of an unknown god.
  1328 | D:2      | Got Plato's Dissertation on the Storm
  1405 | D:3      | Learned a level 2 spell: Wereblood
  1536 | D:3      | Reached XP level 4. HP: 19/41 MP: 5/5
  1539 | D:3      | Killed from afar by an orc wizard

Illustrated notes

Levels and vault maps discovered:
D:1:      lemuel_arrival_behind_the_door_small, layout_loops_ring,
          bh_walls_and_bars
D:2:      layout_basic, shapermc_ecumenical_altar_rom_forum, serial_shops, shop
D:3:      layout_rooms

Skill      XL: |  1  2  3 |
---------------+----------+-----
Fighting       | 1 |  1.5
Dodging        | 2 |  2.2
Unarmed Combat | |  3.5
Spellcasting   | |  1.6
Transmutations | |  1.9

Action                   |  1- 3 |  4- 6 || total
-------------------------+-------+-------++-------
Melee: Unarmed           |   126 |     3 ||   129
       Kick              |     6 |       ||     6
       Headbutt          |     2 |       ||     2
       Punch             |     3 |       ||     3
 Cast: Beastly Appendage |     7 |       ||     7
       Wereblood         |     1 |       ||     1
  Use: Potion            |       |     1 ||     1
Armor: Robe              |    45 |     1 ||    46
Dodge: Dodged            |    67 |       ||    67
